 Dungeon Crawl Stone Soup version 0.28.0-53-g5a82cb258f (webtiles) character file.

Game seed: 13846878844518701483

115 Gabide the Poker (level 5, -7/37 HPs)
             Began as a Human Monk on June 1, 2022.
             Was a Believer of Hepliaklqana.
             Killed by divine providence
             ... invoked by an orc priest
              (11 damage)
             ... on level 3 of the Dungeon.
             The game lasted 00:06:22 (1882 turns).

Gabide the Poker (Human Monk)                       Turns: 1882, Time: 00:06:23

Health: -7/37      AC:  8    Str: 11    XL:     5   Next: 20%
Magic:  5/5        EV: 14    Int: 11    God:    Hepliaklqana [**....]
Gold:   112        SH:  0    Dex: 17    Spells: 4/4 levels left

rFire   . . .      SeeInvis .   a - +0 spear
rCold   . . .      Faith    .   (no shield)
rNeg    . . .      Spirit   .   e - +0 scale mail
rPois   .          Reflect  .   (no helmet)
rElec   .          Harm     .   m - +0 cloak
rCorr   .          Rampage  .   (no gloves)
Will    .....                   c - +0 pair of boots
Stlth   +.........              (no amulet)
HPRegen 0.12/turn               j - +4 ring of evasion
MPRegen 0.09/turn               (no ring)

@: studying 2 skills
A: reduced essence
a: Renounce Religion, Recall Ancestor, Ancestor Identity


You were on level 3 of the Dungeon.
You worshipped Hepliaklqana.
Hepliaklqana was pleased with you.
You visited 1 branch of the dungeon, and saw 3 of its levels.

You collected 112 gold pieces.

Inventory:

Hand Weapons
 a - a +0 spear (weapon)
Missiles
 n - 3 silver javelins (quivered)
Armour
 c - a +0 pair of boots (worn)
 e - a +0 scale mail (worn)
 m - a +0 cloak (worn)
Jewellery
 j - a +4 ring of evasion (left hand)
Scrolls
 f - a scroll of enchant armour {unknown}
 k - a scroll of blinking {unknown}
 l - a scroll of torment {unknown}
 o - a scroll of enchant weapon {unknown}
Potions
 g - a potion of attraction
 h - a potion of cancellation
 i - 3 potions of might


   Skills:
 + Level 4.0 Fighting
 + Level 4.1 Polearms
 + Level 3.9 Dodging
 - Level 2.0 Stealth


You had 4 spell levels left.
You didn't know any spells.
Your spell library contained the following spells:

 Spells                   Type           Power      Damage    Failure   Level
 Animate Skeleton         Necr           0%         N/A       92%         1
 Apportation              Tloc           0%         N/A       92%         1
 Summon Small Mammal      Summ           0%         N/A       92%         1
 Corpse Rot               Necr/Air       0%         N/A       98%         2
 Poisonous Vapours        Pois/Air       0%         N/A       98%         2
 Static Discharge         Conj/Air       0%         N/A       98%         2
 Lightning Bolt           Conj/Air       0%         1d11      100%        5
 Maxwell's Capacitive Co  Air            0%         ∞         100%        8


Dungeon Overview and Level Annotations

Branches:
Dungeon (3/15)

Altars:
Hepliaklqana
Makhleb


Message History

Reactivating autopickup.
You feel a bit more experienced.
Your Fighting skill increases to level 4!
Your Polearms skill increases to level 4!
You have reached level 5!
You see here a scroll of identify.
What are your orders? t - Shout!
Orders for allies: a - Attack new target. r - Retreat! s - Stop attacking. g - Guard the area. f - Follow me.
Anything else - Cancel.
Gang up on whom?
Press: ? - help, Dir - move target, f - orc priest
Aim: an orc priest, wielding a +0 whip and wearing a +0 scale mail Attack!
Xochipepe completely misses the orc priest.
The orc priest barely misses Xochipepe.
Xochipepe hits the orc priest with a +0 flail.
The orc priest hits Xochipepe but does no damage.
A hobgoblin comes into view.
What are your orders? t - Shout!
Orders for allies: a - Attack new target. p - Attack previous target. r - Retreat! s - Stop attacking. g - Guard the area. f - Follow me.
Anything else - Cancel.
Gang up on whom?
Press: ? - help, Dir - move target, f/p - orc priest
Aim: an orc priest, wielding a +0 whip and wearing a +0 scale mail (lightly wounded) Attack!
The hobgoblin shouts!
Xochipepe hits the orc priest but does no damage.
The orc priest hits Xochipepe but does no damage.
Xochipepe hits the orc priest with a +0 flail.
The orc priest closely misses Xochipepe.
Xochipepe barely misses the orc priest.
The orc priest calls down the wrath of Beogh upon you.
Beogh smites you!
You die...

#......<..........†#R#,*,*,*,*
#.################.#.#,*,*,*,*
###.###............#.#.#,*,*,*,*
#.))..........####.#.#?#,*,*,*,*
#.........g...# #...#.#,*,*,*,*
##.............########o#,*,*,*,*
.'.............'......R.#,*,*,*,*
##...........>.#........#,*,*,*,*
.'.............#@######.#,*,,,,,*
##.............#.# #.#,***,***
#.............#.#****#+#,,,,,,,,
#.............#.#*,,,,,,,,**,,,,
##'###........#.#*,,,,,,,,******
**#.# #........#.#*,,,,,,,,,,,,,,
.,#.# #........#.#*,,,,,,,,,,,,,,
..#.###........#.#*,,,,,,,,,,<,,,
.......#.#######,**,,,,,,,,,,,,,,


You could see the friendly Xochipepe the knight and an orc priest (ally target).

Vanquished Creatures
  An iguana (D:3)
  2 orcs (D:3)
  3 ball pythons
  An endoplasm (D:1)
  2 goblins (D:1)
  2 hobgoblins
  A jackal (D:1)
  2 quokkas
  2 bats (D:1)
  2 frilled lizards (D:1)
  A kobold (D:2)
  3 rats
22 creatures vanquished.

Vanquished Creatures (collateral kills)
  An orc wizard (D:3)
  2 adders
  2 dart slugs
  An orc (D:3)
  2 endoplasms (D:2)
  A goblin (D:3)
  2 jackals (D:1)
  2 kobolds
  A quokka (D:2)
  A ball python (D:2)
  2 frilled lizards (D:1)
  A rat (D:2)
18 creatures vanquished.

Grand Total: 40 creatures vanquished

Notes
Turn   | Place    | Note
-------+----------+-------------------------------------------
     0 | D:1      | Gabide the Human Monk began the quest for the Orb.
     0 | D:1      | Reached XP level 1. HP: 18/18 MP: 1/1
   281 | D:1      | Reached XP level 2. HP: 24/24 MP: 2/2
   389 | D:1      | Found a hazy altar of Hepliaklqana.
   403 | D:1      | Became a worshipper of Hepliaklqana the Forgotten
   403 | D:1      | Reached * piety under Hepliaklqana
   403 | D:1      | Reached ** piety under Hepliaklqana
   404 | D:1      | Remembered your ancestor Xochipepe as a knight
   612 | D:1      | Reached XP level 3. HP: 26/26 MP: 3/3
   782 | D:2      | Found a burning altar of Makhleb.
  1712 | D:3      | Reached XP level 4. HP: 32/32 MP: 4/4
  1748 | D:3      | Identified 2 scrolls of acquirement
  1748 | D:3      | Acquired a manual of Transmutations
  1750 | D:3      | Acquired a manual of Polearms
  1859 | D:3      | HP: 1/33 [something/puff of flame (10)]
  1868 | D:3      | Reached XP level 5. HP: 2/37 MP: 5/5
  1882 | D:3      | Killed from afar by an orc priest

Illustrated notes

Levels and vault maps discovered:
D:1:      minmay_arrival_up_and_down, layout_rooms, minmay_hexomino_r4
D:2:      layout_basic, basic_altar
D:3:      layout_basic, minmay_hedge_maze

Skill      XL: |  1  2  3  4 |
---------------+-------------+-----
Fighting       | 4 |  4.0
Polearms       | 4 |  4.1
Dodging        | |  3.9
Stealth        | |  2.0

Action                   |  1- 3 |  4- 6 || total
-------------------------+-------+-------++-------
Melee: Spear             |    70 |    27 ||    97
Invok: Ancestor Life: Kn |     1 |       ||     1
       Ancestor Identity |     1 |       ||     1
  Use: Scroll            |     3 |     3 ||     6
 Stab: Sleeping          |     1 |       ||     1
Armor: Robe              |     3 |       ||     3
       Scale mail        |     5 |    21 ||    26
Dodge: Dodged            |    24 |    19 ||    43
